 Dungeon Crawl Stone Soup version 0.30-a0-779-g7971cf19c3 (webtiles) character file.

Game seed: 6076422557489083239

27724 sanka the Spry (level 13, 0/72 HPs)
             Began as a Spriggan Earth Elementalist on Feb 17, 2023.
             Was a Follower of Vehumet.
             Slain by a white ugly thing (19 damage)
             ... on level 12 of the Dungeon.
             The game lasted 00:46:33 (17332 turns).

sanka the Spry (Spriggan Earth Elementalist)       Turns: 17332, Time: 00:46:33

Health: 0/72       AC:  8    Str:  7    XL:     13   Next: 5%
Magic:  15/26      EV: 37    Int: 24    God:    Vehumet [*.....]
Gold:   548        SH:  0    Dex: 16    Spells: 13/29 levels left

rFire   . . .      SeeInvis +    a - staff of earth
rCold   . . .      Faith    +    (shield currently unavailable)
rNeg    . . .      Spirit   .    U - +0 steam dragon scales
rPois   .          Reflect  .    o - +2 hat {Stlth+}
rElec   +          Harm     .    H - +0 cloak {Will+}
rCorr   .          Rampage  .    (gloves unavailable)
Will    +++..                    (boots unavailable)
Stlth   +++                      e - amulet of faith
HPRegen 0.32/turn                f - +5 ring of evasion
MPRegen 0.20/turn                c - ring "Inokitt" {rElec EV+5 Str+3 Int+3}

@: very quick
A: very small, no large weapons, unfitting armour, see invisible, speed 3
a: Renounce Religion


You were on level 12 of the Dungeon.
You worshipped Vehumet.
Vehumet was aware of your devotion.
You visited 1 branch of the dungeon, and saw 12 of its levels.
You also visited: Trove, Ossuary and Ice Cave.

You collected 793 gold pieces.
You spent 245 gold pieces at shops.


Innate Abilities, Weirdness & Mutations

You are very small and have problems with some larger weapons.
You are too small for most types of armour.
You have supernaturally acute eyesight. (SInv)
You cover ground extremely quickly. (Speed+++)


   Skills:
 - Level 10.0 Fighting
 - Level 15.0 Dodging
 - Level 3.0 Stealth
 + Level 8.7 Spellcasting
 + Level 5.4 Conjurations
 - Level 2.0 Transmutations
 * Level 11.1 Earth Magic


You had 13 spell levels left.
You knew the following spells:

 Your Spells              Type           Power      Damage    Failure   Level
x - Stone Arrow           Conj/Erth      100%       3d13      1%          3
y - Borgnjor's Vile Clut  Necr/Erth      26%        N/A       17%         5
z - Sandblast             Erth           100%       2d20      1%          1
N - Passwall              Tmut/Erth      48%        N/A       1%          2
X - Irradiate             Conj/Tmut      14%        3d16      36%         5

Your spell library contained the following spells:

 Spells                   Type           Power      Damage    Failure   Level
 Freezing Cloud           Conj/Ice/Air   9%         6-21      63%         5
 Kiss of Death            Conj/Necr      92%        2d12      1%          1
 Momentum Strike          Conj/Tloc      46%        3d9       3%          2
 Petrify                  Tmut/Erth      58%        N/A       4%          4
 Freeze                   Ice            40%        1d6       6%          1
 Hailstorm                Conj/Ice       23%        3d7       6%          3
 Animate Armour           Summ/Erth      100%       N/A       6%          4
 Blink                    Tloc           20%        N/A       9%          2
 Call Imp                 Summ           10%        N/A       9%          2
 Lesser Beckoning         Tloc           20%        N/A       9%          2
 Confusing Touch          Hex            10%        N/A       19%         3
 Frozen Ramparts          Ice            20%        1d4       19%         3
 Portal Projectile        Hex/Tloc       20%        N/A       19%         3
 Tukima's Dance           Hex            10%        N/A       19%         3
 Iskenderun's Battlesphe  Conj           36%        2d9       19%         5
 Ice Form                 Ice/Tmut       15%        N/A       36%         4
 Fireball                 Conj/Fire      11%        3d7       50%         5
 Dispel Undead            Necr           10%        3d9       52%         4
 Summon Ice Beast         Ice/Summ       10%        N/A       52%         4
 Blade Hands              Tmut           10%        N/A       58%         5
 Summon Forest            Summ/Tloc      5%         N/A       86%         5
 Conjure Ball Lightning   Conj/Air       11%        3x3d6     97%         6
 Eringya's Noxious Bog    Tmut/Pois      7%         N/A       99%         6
 Orb of Destruction       Conj           18%        9d8       99%         7
 Haunt                    Necr/Summ      5%         N/A       100%        7
 Summon Hydra             Summ           5%         N/A       100%        7
 Lehudib's Crystal Spear  Conj/Erth      33%        10d8      100%        8
 Dragon's Call            Summ           5%         N/A       100%        9

Inventory:

Hand Weapons
 b - a +0 dagger of electrocution
 J - a +1 hammer of distortion
Armour
 o - a +2 hat of stealth (worn)
 H - a +0 cloak of willpower (worn)
 U - +0 steam dragon scales (worn)
Magical Staves
 a - a staff of earth (weapon)
 d - a staff of air
Jewellery
 c - the ring "Inokitt" (right hand) {rElec EV+5 Str+3 Int+3}

   [ring of evasion]

   EV:        It affects your evasion (+5).
   Str:       It affects your strength (+3).
   Int:       It affects your intelligence (+3).
   rElec:     It insulates you from electricity.
 e - an amulet of faith (around neck)
 f - a +5 ring of evasion (left hand)
Wands
 g - a wand of mindburst (3)
 m - a wand of digging (7)
 n - a wand of iceblast (27)
 t - a wand of flame (11)
 C - a wand of polymorph (7)
 F - a wand of light (10)
Scrolls
 u - 2 scrolls of blinking
 v - 4 scrolls of fog
 x - 4 scrolls of poison {!r}
 y - 6 scrolls of teleportation {@r4}
 A - 4 scrolls of vulnerability {!r}
 D - 4 scrolls of noise {!r}
 M - 2 scrolls of immolation {!r}
 S - 2 scrolls of fear
 W - a scroll of butterflies {unknown}
Potions
 B - 2 potions of attraction {!q}
 E - 2 potions of cancellation
 G - 9 potions of curing {@q1}
 I - 3 potions of flight
 L - 3 potions of haste {@q3}
 R - 4 potions of heal wounds {@q2}
 T - a potion of magic
 X - 3 potions of mutation {!q}
Miscellaneous
 p - a phantom mirror
 V - a lightning rod (4/4)

Dungeon Overview and Level Annotations

Branches:
Dungeon (12/15)            Temple (0/1) D:5            Lair (0/5) D:9
    Orc (0/2) D:9         Ossuary (visited)           IceCv (visited)

Altars:
Elyvilon
Hepliaklqana
Makhleb
Trog
Uskayaw
Vehumet
Wu Jian
Lugonu

Shops:
D:7 ?   D:11 (

Annotations:
D:2 Ijyb
D:9 exclusion: downstairs

.▒ ▒▒)......▒
.▒▒▒▒▒.)▒.▒...▒
.<....)▒▒.▒▒..▒
...▒.▒..▒▒▒...▒
..▒▒.▒▒.. ▒...▒ ...▒▒
)▒▒▒..▒▒▒▒▒▒▒▒ ▒...▒
▒▒ ▒▒.▒......▒
▒..▒▒▒..▒.▒..(...u:.▒
▒.▒▒.▒▒.........i...▒
▒?.▒.▒..▒...........▒
▒▒......▒▒▒.........▒
.....▒▒▒▒ ▒.........▒
.▒▒▒.▒▒▒ ▒▒▒.......▒
..▒▒...▒▒▒▒▒▒.......▒
▒.▒▒▒▒..............▒
......!.............▒
.....▒▒▒▒▒▒▒▒..


You could see a white ugly thing.


Message History

You enter the transporter and appear at another place.
The white ugly thing tail-slaps you! The white ugly thing freezes you!!
The ice statue gestures.
The ice beast barely misses you. The ice beast closely misses you.
The ice statue gestures.
There is an ice covered gate leading back out of this place here.
Aiming: Stone Arrow (safe; 1% risk of failure)
Aim: an ice statue (100% to hit)
The stone arrow hits the ice statue!
The ice statue is moderately damaged.
The ice statue gestures.
The white ugly thing misses you.
Welcome back to the Dungeon!
There is a collapsed entrance here.
Items here: !!!!!! """ ( == ??? [ }}.
The stone arrow hits the white ugly thing!!
The white ugly thing is heavily wounded.
The white ugly thing barely misses you.
The stone arrow hits the white ugly thing!!
The white ugly thing is severely wounded.
The white ugly thing tail-slaps you. The white ugly thing freezes you!!
* * * LOW HITPOINT WARNING * * *
The stone arrow misses the white ugly thing.
The white ugly thing tail-slaps you.
* * * LOW HITPOINT WARNING * * *
The white ugly thing freezes you!!
You die...

Action                     |  1- 3 |  4- 6 |  7- 9 | 10-12 | 13-15 || total
---------------------------+-------+-------+-------+-------+-------++-------
  Melee: Unarmed           |       |       |     1 |       |       ||     1
         Dagger            |       |       |     3 |    70 |    45 ||   118
         Staff             |       |       |       |    11 |       ||    11
         Punch             |       |       |       |       |     1 ||     1
   Cast: Sandblast         |    59 |    68 |   131 |    73 |     8 ||   339
         Stone Arrow       |       |       |    88 |   322 |    10 ||   420
  Evoke: Wand              |       |       |     1 |     8 |       ||     9
    Use: Potion            |       |       |     1 |       |       ||     1
         Scroll            |       |       |     8 |     9 |       ||    17
 Armour: Robe              |     1 |     2 |     5 |     1 |       ||     9
         Steam dragon scal |       |       |       |     5 |     2 ||     7
  Dodge: Dodged            |    12 |    22 |    80 |   278 |    87 ||   479

Levels and vault maps discovered:
D:1:      ncdulo_halloftheorcs, layout_loops_corners
D:2:      layout_basic, shapermc_ecumenical_altar_notcrosses
D:3:      layout_rooms, wad_floor_pattern_2, uniq_ijyb
D:4:      layout_rooms, mainiacjoe_overflow_alcove_3, gup_ossuary_entry_pyramid,
          uniq_blork_the_orc
D:5:      layout_cave_pools, minmay_temple_entry_gardened_gates,
          uniq_crazy_yiuf_cottage, uniq_prince_ribbit1
D:6:      layout_loops_ring, serial_demonic, serial_demonic_d, serial_demonic_g,
          serial_demonic_c, serial_demonic_b, serial_demonic_c,
          serial_demonic_e, serial_demonic_c, serial_demonic_e,
          serial_demonic_b, serial_demonic_b, grunt_ministairs_9
D:7:      layout_cave_pools, serial_shops, shop, chequers_serial_rivers_large_a,
          dreamdust_gnoll_farm
D:8:      layout_basic, trog_three_pillars_becter, wad_mini_maze
D:9:      layout_basic, dancing_weapons_uskayaw, dpeg_lair_monsters, erik_orc_2,
          nzn_life_drinkers, uniq_erica
D:10:     kennysheep_kobold_lugonu_temple, layout_cave_pools, uniq_josephine
D:11:     layout_long_grid, nicolae_trove_entry_columns, serial_shops,
          kennysheep_mini_moat
D:12:     layout_rooms, portal_ice_cave_entry_ice_simulacra, minmay_between,
          uniq_sonja

Notes
Turn   | Place    | Note
-------+----------+-------------------------------------------
     0 | D:1      | sanka the Spriggan Earth Elementalist began the quest for
                  | the Orb.
     0 | D:1      | Reached XP level 1. HP: 9/9 MP: 5/5
   112 | D:1      | Reached skill level 3 in Spellcasting
   208 | D:1      | Reached skill level 3 in Earth Magic
   280 | D:1      | Reached XP level 2. HP: 13/13 MP: 5/7
  1084 | D:1      | Learned a level 2 spell: Passwall
  1121 | D:2      | Reached XP level 3. HP: 16/16 MP: 6/8
  1125 | D:2      | Learned a level 3 spell: Stone Arrow
  1367 | D:2      | Found a faded altar of an unknown god.
  1434 | D:2      | Prayed at the altar of an unknown god.
  1434 | D:2      | Became a worshipper of Vehumet
  1434 | D:2      | Reached * piety under Vehumet
  1434 | D:2      | Offered knowledge of Foxfire by Vehumet.
  1887 | D:3      | Reached skill level 4 in Earth Magic
  2072 | D:3      | Reached XP level 4. HP: 20/21 MP: 5/9
  2267 | D:3      | Noticed Ijyb
  2736 | D:4      | Found a burning altar of Makhleb.
  2739 | D:4      | Found an ornate altar of the Wu Jian Council.
  2740 | D:4      | Found a white marble altar of Elyvilon.
  2740 | D:4      | Found a hazy altar of Hepliaklqana.
  2763 | D:4      | Noticed an ogre
  2782 | D:4      | Killed an ogre
  2782 | D:4      | Reached ** piety under Vehumet
  2782 | D:4      | Offered knowledge of Kiss of Death by Vehumet.
  2783 | D:4      | Reached skill level 5 in Earth Magic
  2783 | D:4      | Reached XP level 5. HP: 20/24 MP: 5/10
  2847 | D:4      | Reached skill level 6 in Earth Magic
  2847 | D:4      | Reached XP level 6. HP: 28/28 MP: 4/11
  2861 | D:4      | Found a sand-covered staircase.
  2928 | Ossuary  | Entered an ossuary
  3068 | Ossuary  | Reached skill level 7 in Earth Magic
  3121 | Ossuary  | Reached XP level 7. HP: 32/32 MP: 8/12
  3319 | Ossuary  | Reached skill level 8 in Earth Magic
  3401 | Ossuary  | Reached skill level 1 in Conjurations
  3414 | Ossuary  | Offered knowledge of Inner Flame by Vehumet.
  3415 | Ossuary  | Reached skill level 4 in Spellcasting
  3551 | Ossuary  | Reached skill level 2 in Conjurations
  3551 | Ossuary  | Reached XP level 8. HP: 36/36 MP: 12/15
  3560 | Ossuary  | Reached skill level 5 in Spellcasting
  3599 | Ossuary  | Reached *** piety under Vehumet
  3639 | Ossuary  | Reached skill level 3 in Conjurations
  3686 | Ossuary  | Reached skill level 3 in Dodging
  3745 | Ossuary  | Reached skill level 4 in Dodging
  3762 | Ossuary  | HP: 1/36 [wyvern zombie (9)]
  4171 | D:4      | Reached skill level 5 in Dodging
  4180 | D:4      | Noticed Blork the orc
  4185 | D:4      | Killed Blork the orc
  4325 | D:4      | Reached skill level 6 in Dodging
  4642 | D:5      | Entered Level 5 of the Dungeon
  4646 | D:5      | Reached skill level 7 in Dodging
  4646 | D:5      | Offered knowledge of Airstrike by Vehumet.
  4702 | D:5      | Found a runed translucent door.
  4703 | D:5      | Noticed Crazy Yiuf
  4736 | D:5      | Found a staircase to the Ecumenical Temple.
  4742 | D:5      | Reached skill level 8 in Dodging
  4827 | D:5      | Reached XP level 9. HP: 39/39 MP: 11/17
  4867 | D:5      | Noticed Prince Ribbit
  4937 | D:5      | Reached skill level 9 in Dodging
  5308 | D:4      | Killed Prince Ribbit
  5433 | D:5      | Reached skill level 10 in Dodging
  5661 | D:5      | Killed Crazy Yiuf
  5662 | D:5      | Reached skill level 1 in Fighting
  5777 | D:6      | Reached **** piety under Vehumet
  5845 | D:6      | Offered knowledge of Irradiate by Vehumet.
  5938 | D:5      | Learned a level 5 spell: Irradiate
  6062 | D:6      | Reached skill level 2 in Fighting
  6220 | D:6      | Reached skill level 3 in Fighting
  6605 | D:6      | Reached skill level 4 in Fighting
  6967 | D:7      | Reached skill level 5 in Fighting
  7130 | D:7      | Found Ceosuu's Magic Scroll Boutique.
  7412 | D:7      | Bought a scroll of enchant armour for 105 gold pieces
  7412 | D:7      | Bought 2 scrolls of teleportation for 84 gold pieces
  7412 | D:7      | Bought a scroll of fog for 56 gold pieces
  7822 | D:8      | Reached skill level 6 in Fighting
  7857 | D:7      | Reached XP level 10. HP: 53/53 MP: 1/18
  8000 | D:8      | Found a bloodstained altar of Trog.
  8012 | D:8      | Reached ***** piety under Vehumet
  8048 | D:8      | Offered knowledge of Iskenderun's Mystic Blast by Vehumet.
  8310 | D:8      | Reached skill level 11 in Dodging
  8454 | D:8      | Identified a scroll of acquirement
  8455 | D:8      | Acquired Sif Muna's Vademecum on Clay and the Glacier
  8976 | D:8      | Noticed a seven-headed hydra
  8983 | D:8      | Killed a seven-headed hydra
  9143 | D:9      | Reached skill level 12 in Dodging
  9285 | D:9      | Reached skill level 7 in Fighting
  9479 | D:9      | Reached skill level 13 in Dodging
  9541 | D:9      | Found a hide-covered altar of Uskayaw.
  9541 | D:9      | Noticed a +0 hand axe
  9541 | D:9      | Noticed a +0 hand axe
  9557 | D:9      | Noticed Erica
  9559 | D:9      | Noticed a death yak
  9560 | D:9      | Noticed a death yak
  9562 | D:9      | Noticed a death yak
  9563 | D:9      | Killed Erica
  9563 | D:9      | Noticed a death yak
  9564 | D:9      | Reached XP level 11. HP: 47/60 MP: 8/19
  9564 | D:9      | Noticed a death yak
  9760 | D:9      | Found a staircase to the Lair.
  9795 | D:9      | Noticed a death yak
  9808 | D:9      | Noticed a death yak
  9808 | D:9      | Noticed a death yak
 10019 | D:9      | Reached skill level 8 in Fighting
 10699 | D:9      | Found a staircase to the Orcish Mines.
 11108 | D:9      | Killed a death yak
 11109 | D:9      | Reached skill level 14 in Dodging
 11243 | D:8      | Killed a death yak
 11452 | D:8      | Killed a death yak
 11658 | D:8      | Killed a death yak
 11767 | D:8      | Killed a death yak
 11768 | D:8      | Reached skill level 9 in Fighting
 11768 | D:8      | Reached skill level 15 in Dodging
 11945 | D:8      | Killed a death yak
 11945 | D:8      | Offered knowledge of Freezing Cloud by Vehumet.
 12056 | D:8      | Killed a death yak
 12158 | D:9      | Killed a death yak
 12159 | D:9      | Reached skill level 10 in Fighting
 12305 | D:10     | Entered Level 10 of the Dungeon
 12406 | D:10     | Noticed a two-headed ogre
 12489 | D:10     | Killed a two-headed ogre
 12972 | D:10     | Identified +0 steam dragon scales
 13073 | D:10     | Reached XP level 12. HP: 67/67 MP: 8/21
 13107 | D:10     | Reached skill level 2 in Transmutations
 13123 | D:10     | Noticed a two-headed ogre
 13261 | D:10     | Killed a two-headed ogre
 13333 | D:10     | Noticed Josephine
 13436 | D:10     | Reached skill level 6 in Spellcasting
 13470 | D:10     | Reached skill level 9 in Earth Magic
 13669 | D:10     | Killed Josephine
 13702 | D:10     | Reached skill level 4 in Conjurations
 13763 | D:10     | Noticed a two-headed ogre
 13819 | D:10     | Killed a two-headed ogre
 13938 | D:10     | Found a corrupted altar of Lugonu.
 14227 | D:10     | Found a corrupted altar of Lugonu.
 14592 | D:11     | Reached skill level 7 in Spellcasting
 14656 | D:11     | Noticed a two-headed ogre
 14660 | D:11     | Killed a two-headed ogre
 14735 | D:11     | Identified +0 acid dragon scales
 14838 | D:11     | Found Qizell's Antique Weapon Shoppe.
 15211 | D:11     | Reached skill level 10 in Earth Magic
 15529 | D:11     | Found a portal to a secret trove of treasure.
 15564 | Trove    | Entered a treasure trove
 15616 | Trove    | Identified the ring "Inokitt" {rElec EV+5 Str+3 Int+3}
 15649 | Trove    | Identified the amulet "Coppeocwie" {Acrobat rElec rPois
                  | MP+9}
 15652 | Trove    | Identified the amulet "Ifudweof" {Acrobat Will++ Regen+
                  | Slay+3}
 15669 | Trove    | Identified the amulet of the King {Spirit Will+}
 15676 | Trove    | Got the Compilation of Cooperative Hail
 15824 | D:11     | Learned a level 5 spell: Borgnjor's Vile Clutch
 16143 | D:11     | Reached skill level 8 in Spellcasting
 16143 | D:11     | Reached skill level 5 in Conjurations
 16452 | D:12     | Noticed Sonja
 16454 | D:12     | Killed Sonja
 16800 | D:12     | Noticed a boulder beetle
 17070 | D:12     | Reached XP level 13. HP: 68/72 MP: 3/26
 17077 | D:12     | Reached skill level 11 in Earth Magic
 17130 | D:12     | Found a frozen archway.
 17164 | IceCv    | Entered an ice cave
 17292 | IceCv    | Found a transporter.
 17315 | IceCv    | Found a transporter.
 17332 | D:12     | Slain by a white ugly thing

Vanquished Creatures
  Josephine (D:10)
  A hydra (D:8)
  Erica (D:9)
  4 two-headed ogres
  8 death yaks
  Sonja (D:12)
  5 skeletal warriors (D:11)
  An ugly thing (IceCv)
  A manticore (D:11)
  A cyclops (D:12)
  An unseen horror (D:11)
  5 kobold demonologists
  A troll (D:12)
  Prince Ribbit (D:4)
  A hornet (D:10)
  2 shadows
  5 wraiths
  3 slime creatures (D:12)
  17 yaks
  A vampire (D:9)
  A golden eye (shapeshifter) (D:11)
  A basilisk (D:8)
  3 steam dragons
  6 vampire mosquitoes
  2 death yak simulacra
  2 water moccasins
  3 acid dragons
  A sky beast (D:6)
  A black bear (D:7)
  7 orc warriors
  An ice beast (D:8)
  A hornet zombie (Ossuary)
  2 ogres
  6 centaurs
  A phantom (D:5)
  6 kobold brigands
  Blork the orc (D:4)
  5 wyvern zombies (Ossuary)
  3 bullfrogs (D:8)
  2 scorpions
  4 necrophages
  A gnoll sergeant (D:10)
  5 wights
  A water moccasin zombie (Ossuary)
  An elephant simulacrum (D:12)
  4 killer bees (D:6)
  5 electric eels (D:9)
  5 howler monkeys
  3 centaur zombies (Ossuary)
  9 bullfrog zombies (Ossuary)
  A quasit (D:6)
  11 orc priests
  5 hounds
  A gnoll bouda (D:9)
  Crazy Yiuf (D:5)
  4 iguanas
  16 orc wizards
  2 killer bee zombies (Ossuary)
  2 spriggan simulacra (D:12)
  2 troll simulacra (D:12)
  A wolf simulacrum (IceCv)
  13 mummies
  A howler monkey zombie (Ossuary)
  15 gnolls
  2 naga simulacra (D:12)
  7 adders
  3 shadow imps
  2 white imps
  3 ufetubi (D:6)
  A worm (D:3)
  5 dart slugs
  37 orcs
  2 ball pythons
  9 endoplasms
  4 giant cockroaches
  11 goblins
  6 hobgoblins
  3 jackals (D:3)
  13 kobolds
  4 quokkas
  4 bats
  2 frilled lizards
  4 rats
351 creatures vanquished.

Vanquished Creatures (others)
  An orc wizard (D:5)
  17 demonic plants
  2 fungi (D:7)
  6 plants
  4 withered plants (Ossuary)
30 creatures vanquished.

Grand Total: 381 creatures vanquished
